 Dungeon Crawl Stone Soup version 0.20-a0-214-gb74cb0e (webtiles) character file.

623 novi the Chopper (level 7, 0/61 HPs)
             Began as a Minotaur Berserker on Nov 27, 2016.
             Was a Believer of Trog.
             Succumbed to dracos369's ghost's poison
             ... on level 5 of the Dungeon.
             The game lasted 00:43:10 (4911 turns).

novi the Chopper (Minotaur Berserker)               Turns: 4911, Time: 00:43:10

Health: 0/61       AC:  7    Str: 22    XL:     7   Next: 22%
Magic:  0/6        EV:  9    Int:  4    God:    Trog [**....]
Gold:   216        SH:  7    Dex: 11    Spells: 6/6 levels left

rFire  . . .     SeeInvis .     u - +0 war axe
rCold  . . .     Gourm    .     b - +0 ring mail
rNeg   . . .     Faith    .     c - +0 shield
rPois  .         Spirit   .     (helmet restricted)
rElec  .         Reflect  .     (no cloak)
rCorr  .         Harm     .     p - +0 pair of gloves
MR     .....                    (no boots)
Stlth  +.........               n - amulet of inaccuracy (curse)
                                (no ring)
                                (no ring)

@: lethally poisoned (0 -> -2), exhausted, very slightly contaminated, hasted
and slowed
A: retaliatory headbutt, horns 2
a: Berserk, Trog's Hand, Burn Spellbooks, Renounce Religion


You were on level 5 of the Dungeon.
You worshipped Trog.
Trog was pleased with you.
You were very hungry.

You visited 1 branch of the dungeon, and saw 5 of its levels.

You collected 251 gold pieces.
You spent 35 gold pieces at shops.

Inventory:

Hand Weapons
 a - a +0 hand axe
 u - a +0 war axe (weapon)
Armour
 b - a +0 ring mail (worn)
 c - a +0 shield (worn)
 p - a +0 pair of gloves (worn)
Jewellery
 n - a cursed amulet of inaccuracy (around neck)
 r - an uncursed amulet of faith
Scrolls
 f - 4 scrolls of identify {unknown}
 h - 2 scrolls of amnesia {unknown}
 l - a scroll of remove curse {unknown}
 o - a scroll of enchant weapon {unknown}
 s - a scroll of fog {unknown}
 t - a scroll of noise {unknown}
 w - a scroll of magic mapping {unknown}
Potions
 d - a potion of berserk rage {unknown}
 e - 4 potions of curing {unknown}
 j - a potion of beneficial mutation {unknown}
 k - a potion of brilliance {unknown}
 m - a potion of haste {unknown}
Comestibles
 g - 3 bread rations
 i - a beef jerky
 q - a fruit
 v - 2 chunks of flesh


   Skills:
 + Level 5.3 Fighting
 * Level 7.0 Axes
 + Level 4.8 Armour
 + Level 4.3 Dodging


You had 6 spell levels left.
You didn't know any spells.

Dungeon Overview and Level Annotations

Branches:
Dungeon (5/15)
 Temple: D:4-7

Altars:
Fedhas
Makhleb
Nemelex Xobeh
Sif Muna

Shops:
D:4 (

Annotations:
D:5 dracos369's ghost, novice HECK


Innate Abilities, Weirdness & Mutations

You reflexively headbutt those who attack you in melee.
You have a pair of horns on your head.


Message History

Dracos369's ghost hits you.
You are poisoned.
Dracos369's ghost says, "Live by the sword, die by the sword."
Dracos369's ghost hits you!
You slash dracos369's ghost!
Dracos369's ghost is heavily damaged.
You feel sick.
Dracos369's ghost hits you but does no damage.
You closely miss dracos369's ghost.
Dracos369's ghost is heavily damaged.
You feel sick. Dracos369's ghost hits you!
* * * LOW HITPOINT WARNING * * *
You feel your power leaking away.
You barely miss dracos369's ghost.
Dracos369's ghost is heavily damaged.
Dracos369's ghost hits you!
* * * LOW HITPOINT WARNING * * *
You miss dracos369's ghost.
Dracos369's ghost is heavily damaged.
You die...

#.........#
#.........###
#........... .
#.........# ..
#.........# ...
#.........# ....
#.........# ....?
#.....<...#......
#...@W...<.......
#..#######.#......
>$.. #........ . #
>......(.
##....... .......
..... . ......


You could see dracos369's ghost.

Vanquished Creatures
  A bullfrog (D:4)
  A scorpion (D:4)
  A centaur zombie (D:5)
  A crimson imp (D:3)
  A bullfrog zombie (D:5)
  A hound (D:4)
  3 orc priests
  2 orc wizards
  3 worker ants (D:4)
  5 adders
  7 worms
  A dart slug (D:1)
  A leopard gecko (D:1)
  11 orcs
  3 bats
  3 giant cockroaches
  7 goblins
  11 hobgoblins
  4 jackals (D:2)
  7 quokkas
  2 ball pythons
  9 frilled lizards
  10 kobolds
  6 rats
101 creatures vanquished.

Notes
Turn   | Place    | Note
-------+----------+-------------------------------------------
     0 | D:1      | novi the Minotaur Berserker began the quest for the Orb.
     0 | D:1      | Reached XP level 1. HP: 19/19 MP: 0/0
   437 | D:1      | Reached skill level 4 in Axes
   437 | D:1      | Reached XP level 2. HP: 24/27 MP: 1/1
  1480 | D:2      | Reached XP level 3. HP: 25/33 MP: 2/2
  1734 | D:2      | Reached ** piety under Trog
  2718 | D:3      | Reached XP level 4. HP: 13/40 MP: 3/3
  3149 | D:3      | Reached skill level 5 in Axes
  3162 | D:3      | Reached XP level 5. HP: 45/47 MP: 4/4
  3179 | D:3      | Found a blossoming altar of Fedhas.
  3179 | D:3      | Found a deep blue altar of Sif Muna.
  3184 | D:3      | Found a sparkling altar of Nemelex Xobeh.
  3643 | D:3      | Found a burning altar of Makhleb.
  3839 | D:4      | Reached XP level 6. HP: 22/53 MP: 5/5
  3844 | D:4      | Reached skill level 6 in Axes
  4120 | D:4      | Found Kudaid's Weapon Emporium.
  4126 | D:4      | Bought a +0 war axe for 35 gold pieces
  4241 | D:4      | Reached skill level 5 in Fighting
  4727 | D:5      | Entered Level 5 of the Dungeon
  4828 | D:4      | Reached XP level 7. HP: 59/61 MP: 6/6
  4880 | D:5      | Reached skill level 7 in Axes
  4881 | D:5      | Noticed dracos369's ghost (novice HECK)
  4910 | D:5      | HP: 1/61 [dracos369's ghost (9)]
  4911 | D:5      | Succumbed to dracos369's ghost's poison

Vault maps used:
D:1:      minmay_arrival_plants_in_alcoves
D:2:      minmay_door_path, roderic_lattice_a
D:3:      makhleb_grotto_becter, grunt_temple_overflow_open
D:4:      first_bread, serial_shops, shop_statue
D:5:      nicolae_xom_altar_mimics, nicolae_ossuary_entry_plus,
          lightli_church_of_beogh, uniq_prince_ribbit1, uniq_eustachio

Skill      XL: |  1  2  3  4  5  6  7 |
---------------+----------------------+-----
Axes           | 4 5 6 7 |  7.0
Fighting       | 4 5 |  5.3
Armour         | 3 4 |  4.8
Dodging        | 3 4 |  4.3

Action                   |  1- 3 |  4- 6 |  7- 9 || total
-------------------------+-------+-------+-------++-------
Melee: Hand axe          |    94 |   130 |       ||   224
       Headbutt          |    14 |    27 |     2 ||    43
       War axe           |       |    58 |    26 ||    84
Invok: Berserk           |     1 |       |     1 ||     2
  Eat: Bread ration      |     2 |       |       ||     2
       Beef jerky        |     1 |       |       ||     1
       Chunk             |       |     2 |       ||     2
       Pizza             |       |     1 |       ||     1
Armor: Animal skin       |    19 |       |       ||    19
       Ring mail         |     1 |    59 |    13 ||    73
Dodge: Dodged            |    80 |    63 |    19 ||   162
Block: Shield            |       |    61 |    13 ||    74
